[Event "*** Titled Tuesday Blitz"]
[Site "Chess.com"]
[Date "2021.04.20"]
[Round "5"]
[White "Manukyan_Artak"]
[Black "mr65"]
[Result "1-0"]
[WhiteElo "2415"]
[BlackElo "2129"]
[TimeControl "180+1"]
[EndTime "10:55:52 PDT"]
[Termination "Manukyan_Artak won by resignation"]

1. e4 e5 2. Nf3 Nc6 3. d4 exd4 4.
Nxd4 Bb4+ 5. c3 Bc5 6. Nxc6 bxc6 7. Bc4 Qf6 8. O-O Ne7 9. Qh5 Bb6 10. Be3 O-O 11.
Nd2 Bxe3 12. fxe3 Qg6 13. Qe5 Qd6 14. Qxd6 cxd6 15. Nf3 h6 16. Rad1 d5 17. exd5 cxd5 18. Bxd5 Nxd5 19. Rxd5 Re8 20. Kf2 Re7 21. Rfd1 Rb8 22.
b4 Rb6 23. Rd6 Rb5 24. R1d5 Rxd5 25. Rxd5 Bb7 26. Rd6 Kf8 27. a4 Ke8 28. a5 Re4 29. Rd4 Re6 30. c4 g5 31. h3 f5 32. c5 Bc6 33. h4 g4 34. Nd2 g3+ 35. Kxg3 Rxe3+ 36. Nf3 Re2 37. Rf4 Rb2 38. h5 Ke7 39. Nh4 Kf6 40.
Rxf5+ Ke6 41. Rf4 Ke5 42. Ng6+ Ke6 43. Nh4 Ke5 44. Nf3+ Ke6 45. Nd4+ Ke5 46. Nxc6+ dxc6 47. Rg4 a6 48. Kh3 Kf5 49. Rg6 Rb3+ 50. g3 Rxb4 51.
Rxc6 Kg5 52. Rxa6 Rb5 53. c6 Rc5 54. Rb6 Rxa5 55. c7 Rc5 56. Rb5 Rxb5 57. c8=Q Rf5 58.
Qe8 Kf6 59. Qg6+ Ke5 60. Qxh6 Rf6 61. Qxf6+ Kxf6 62. g4 Kg5 63. Kg3 Kh6 64. Kh4 Kg7 65. g5 Kh7 66. Kg4 Kg7 67. Kf5 Kh7 68. g6+ Kg7 69. Kg5 Kg8 70. h6 Kh8 71. Kf6 Kg8 72.
g7 1-0

[Event "*** Titled Tuesday Blitz"]
[Site "Chess.com"]
[Date "2021.04.20"]
[Round "5"]
[White "1977Ivan"]
[Black "agartha01"]
[Result "0-1"]
[WhiteElo "2714"]
[BlackElo "2543"]
[TimeControl "180+1"]
[EndTime "10:55:54 PDT"]
[Termination "agartha01 won on time"]

1. d4 c5 2. d5 Nf6 3. Nc3 d6 4. e4 g6 5. f4 Bg7 6. Bb5+ Bd7 7. e5 Ng8 8. Nf3 Bxb5 9. Nxb5 Nd7 10. Qe2 a6 11. Nc3 Qc7 12. O-O O-O-O 13. Ng5 Nh6 14. e6 Bd4+ 15. Kh1 Nf6 16. exf7 Qd7 17. Nce4 Nxd5 18.
Rd1 Nf6 19. c3 Nxe4 20. Nxe4 Bf6 21. Nxc5 Qg4 22. Qe6+ Kb8 23. Be3 dxc5 24. Qxg4 Nxg4 25. Bxc5 Nh6 26. Re1 Rd7 27. Rad1 Rxd1 28. Rxd1 Nxf7 29. g4 g5 30. fxg5 Nxg5 31. h4 Ne4 32. Be3 Bxh4 33.
Rd4 Nd6 34. Kg2 Bf6 35. Rd5 Rg8 36. Kf3 Kc7 37. Rh5 Rg7 38. g5 Be5 39. Kg4 Kd7 40.
Rh6 Nf7 41. Rh5 Bf6 42. Kf5 Nxg5 43. Bxg5 Rxg5+ 44. Rxg5 Bxg5 45. Kxg5 e5 46. Kf5 Kd6 47. c4 h5 48. b4 b6 49. a3 h4 50. Kg4 e4 51. Kxh4 Ke5 52. Kg4 Kd4 53. Kf4 Kxc4 54. Kxe4 Kb3 55. Kd4 Kxa3 56. Kc4 b5+ 0-1

[Event "*** Titled Tuesday Blitz"]
[Site "Chess.com"]
[Date "2021.04.20"]
[Round "5"]
[White "LenkaPtacnikova"]
[Black "gisela_roque"]
[Result "1-0"]
[WhiteElo "2170"]
[BlackElo "1793"]
[TimeControl "180+1"]
[EndTime "10:55:54 PDT"]
[Termination "LenkaPtacnikova won by checkmate"]

1. e4 e6 2. d4 d5 3. Nd2 c5 4.
exd5 Qxd5 5. Ngf3 cxd4 6. Bc4 Qd8 7. O-O Nf6 8. Nb3 Nc6 9. Nbxd4 Nxd4 10. Nxd4 a6 11.
c3 Qc7 12. Bd3 Bd6 13. h3 O-O 14. Qf3 b5 15. Qc6 Bb7 16. Qxc7 Bxc7 17. Bg5 Ne4 18. Be3 Rad8 19. a4 Nc5 20. Bc2 Nxa4 21. Bxa4 bxa4 22. Rxa4 Rd6 23. Rfa1 Rfd8 24. Bf4 R6d7 25. Bxc7 Rxc7 26. f4 h6 27. Kf2 Rb8 28. Rb4 Rd8 29. g3 Rd6 30.
Ke3 f6 31. Ra3 e5 32. fxe5 fxe5 33. Nf5 Rf6 34. g4 Kh7 35. Rab3 Bc8 36. Rb6 Bxf5 37. Rxf6 gxf6 38. gxf5 Rc6 39. Rb7+ Kg8 40. Ke4 Rc4+ 41. Kd5 Rf4 42. Ke6 Rh4 43. Kxf6 Rxh3 44. Kxe5 Rg3 45. Rb6 h5 46. Rg6+ Rxg6 47. fxg6 Kg7 48.
Kf5 h4 49. Kg4 Kxg6 50. Kxh4 Kf5 51. Kg3 Ke4 52. Kf2 Kd3 53. Ke1 Kc2 54. c4 Kxb2 55. c5 a5 56. c6 a4 57. c7 a3 58. c8=Q a2 59. Qb7+ Ka1 60. Qe4 Kb2 61. Qb4+ Ka1 62. Qc3+ Kb1 63. Qb3+ Ka1 64. Qd1+ Kb2 65. Qd2+ Ka1 66.
Qc1# 1-0

[Event "*** Titled Tuesday Blitz"]
[Site "Chess.com"]
[Date "2021.04.20"]
[Round "5"]
[White "NikolaGry"]
[Black "elohunter1999"]
[Result "1/2-1/2"]
[WhiteElo "2705"]
[BlackElo "2506"]
[TimeControl "180+1"]
[EndTime "10:55:55 PDT"]
[Termination "Game drawn by repetition"]

1. b3 e5 2. Bb2 Nc6 3. e3 Nf6 4. c4 d5 5. cxd5 Nxd5 6. a3 Bd6 7.
d3 O-O 8. Nf3 Qe7 9. Nbd2 Bd7 10. Be2 f5 11. Qc2 Kh8 12. O-O Rae8 13. Nc4 Rf6 14.
g3 Rh6 15. Rfe1 Qf7 16. b4 a6 17. d4 e4 18. Nfe5 Nxe5 19. dxe5 Bf8 20. Rad1 c6 21. Nd6 Bxd6 22. exd6 Rxd6 23. Rd2 Be6 24. Red1 Red8 25. Be5 R6d7 26. Qb2 Kg8 27. h4 Nb6 28.
Rxd7 Rxd7 29. Rxd7 Qxd7 30. Bd4 Nd5 31. Qc1 Qd6 32. Qb2 Qe7 33. Qc1 h6 34. Kg2 g5 35.
hxg5 hxg5 36. Bb2 Qh7 37. Qd2 f4 38. Kg1 f3 39. Bf1 Bh3 40. Bc4 Bg2 41. Bxd5+ Kf8 42.
Bg7+ Qxg7 43. Bb3 Qa1+ 44. Bd1 Qf6 45. Qd7 Qe7 46. Qc8+ Kg7 47. Bb3 Kf6 48. Qh8+ Qg7 49.
Qd8+ Kg6 50. Qe8+ Kh6 51. Kh2 Qh7 52. Kg1 Qg7 53. Qe6+ Kh7 54. Qf5+ Qg6 55. Qd7+ Qg7 56. Qf5+ Kh6 57. Kh2 Qg6 58. Qf8+ Qg7 59. Qf5 Qg6 60.
Qf8+ Kh7 61. Kg1 Qg7 62. Qf5+ 1/2-1/2

[Event "*** Titled Tuesday Blitz"]
[Site "Chess.com"]
[Date "2021.04.20"]
[Round "5"]
[White "GameOverBro"]
[Black "AsaHoffmann"]
[Result "0-1"]
[WhiteElo "2524"]
[BlackElo "2352"]
[TimeControl "180+1"]
[EndTime "10:55:56 PDT"]
[Termination "AsaHoffmann won by resignation"]

1. e4 d6 2. d4 Nf6 3. Nc3 c6 4. a4 Qa5 5. Bd3 e5 6. Nf3 Bg4 7. dxe5 dxe5 8. h3 Bh5 9. g4 Bg6 10. Bd2 Qc7 11. h4 h5 12. g5 Ng4 13. a5 Bc5 14. Rf1 Nd7 15. Na4 Rd8 16. Qe2 Be7 17.
b4 O-O 18. Bc4 b5 19. axb6 axb6 20. Bb3 b5 21. Nb2 Nb6 22. Bc3 Ra8 23. Rd1 Rfd8 24. Nd2 c5 25. Qxb5 cxb4 26. Bxb4 Bxb4 27. Qxb4 Rd4 28.
Qb5 Rad8 29. Nd3 Bxe4 30. f3 Bxd3 31. cxd3 Ne3 32. g6 Nxd1 33. gxf7+ Kf8 34. Kxd1 Rxd3 35. Rf2 Qd6 36. Ke1 Rxd2 37. Kf1 Rxf2+ 38. Kxf2 Nd5 39. Kg2 Kxf7 40. Qd3 Kf6 41. Qe4 Nf4+ 42. Kg3 g6 43. Qb7 Qe7 44. Qb6+ Kg7 45. Qe3 Rf8 46. Qe4 Qf6 47. Bc2 Qf5 48. Qb7+ Qf7 49. Qe4 Qf6 50. Qb7+ Rf7 51. Qe4 Ne6 52. Kg2 Qxf3+ 53. Qxf3 Rxf3 54. Kxf3 Nd4+ 55. Ke4 Nxc2 56. Kxe5 Kh6 57. Kf4 Nd4 58. Ke4 Nf5 59. Kf4 Nxh4 60. Kg3 Kg5 61. Kh3 Nf5 62.
Kh2 Kg4 63. Kg2 h4 64. Kh2 h3 65. Kh1 Kg3 66. Kg1 Nd6 67. Kh1 Ne4 68. Kg1 Nf2 69. Kf1 h2 70. Ke2 h1=Q 71. Ke3 Qe4+ 72. Kd2 Ng4 73.
Kd1 Qg2 74. Ke1 Kf4 75. Kd1 Ke4 76. Kc1 Kd3 0-1

[Event "*** Titled Tuesday Blitz"]
[Site "Chess.com"]
[Date "2021.04.20"]
[Round "5"]
[White "MikeSailer"]
[Black "A-S-00"]
[Result "0-1"]
[WhiteElo "2172"]
[BlackElo "2333"]
[TimeControl "180+1"]
[EndTime "10:55:57 PDT"]
[Termination "A-S-00 won on time"]

1. d4 Nf6 2. Nf3 g6 3. Bf4 Bg7 4.
e3 d6 5. Be2 O-O 6. O-O Nbd7 7.
h3 c6 8. c4 a5 9. Nc3 Qc7 10. a3 e5 11. Bh2 Rd8 12. b4 axb4 13. axb4 Rxa1 14. Qxa1 b6 15. b5 Bb7 16. bxc6 Bxc6 17. d5 Bb7 18. Nb5 Qb8 19. Nd2 Nc5 20. f3 e4 21. Qb1 exf3 22. Bxf3 Ne8 23. Ne4 Nxe4 24. Qxe4 Qc8 25. Bg4 f5 26. Qe6+ Qxe6 27. dxe6 fxg4 28. Rf7 Bc8 29. Re7 Bf6 30. Ra7 Bxe6 31.
hxg4 Bxc4 32. Nd4 b5 33. Nc6 Rc8 34. Nb4 Bc3 35. Na6 b4 36. Nxb4 Bxb4 37. Ra4 Bc5 38. Kf2 d5 39. Bf4 Nd6 40. Be5 Ne4+ 41. Kf3 Rf8+ 42.
Bf4 g5 43. g3 gxf4 44. gxf4 Nd2+ 45. Kf2 d4 46. exd4 Bxd4+ 47. Kg3 Be3 48. Kg2 Bxf4 49. Kf2 Bd6+ 50. Ke3 Nf1+ 51. Kd4 Rf4+ 52. Kc3 Be5+ 53.
Kc2 Bd3+ 54. Kxd3 Rxa4 0-1

[Event "*** Titled Tuesday Blitz"]
[Site "Chess.com"]
[Date "2021.04.20"]
[Round "5"]
[White "Arystanner"]
[Black "Didici"]
[Result "1-0"]
[WhiteElo "2807"]
[BlackElo "2595"]
[TimeControl "180+1"]
[EndTime "10:55:59 PDT"]
[Termination "Arystanner won on time"]

1. e4 e5 2. Nf3 Nc6 3. Bb5 a6 4. Ba4 Nf6 5. d3 d6 6. c4 g6 7. Nc3 Bg7 8. Nd5 Nd7 9. Bg5 f6 10. Be3 Nc5 11. Bc2 Ne6 12. b4 O-O 13. O-O f5 14. b5 f4 15. bxc6 fxe3 16. cxb7 exf2+ 17. Rxf2 Bxb7 18. Rb1 Rb8 19. Rf1 Bh6 20. Kh1 Kg7 21. Qe1 c6 22. Ne3 a5 23. Ng4 Bg5 24. Qc3 Qc7 25. c5 dxc5 26. Bb3 Bc8 27. Bxe6 Rxb1 28. Rxb1 Bxe6 29. Nxg5 Bxg4 30. h3 h6 31. hxg4 hxg5 32. Qxc5 Rd8 33. Rb3 a4 34. Rc3 Rd4 35. Kg1 Qd6 36.
Qxc6 Qxc6 37. Rxc6 Rxd3 38. Re6 Ra3 39. Rxe5 Rxa2 40.
Rxg5 Kf6 41. Ra5 a3 42. g5+ Ke6 43. Kh2 Kd6 44. Ra6+ Ke5 45. Rxg6 Kxe4 46. Ra6 Kf5 47. g6 Rb2 48. g7 Rb8 49. Rxa3 Kf6 50. Ra7 Rg8 51. Kg3 Rxg7+ 52. Rxg7 Kxg7 53. Kg4 Kg6 54. g3 Kg7 55. Kg5 Kf7 56. Kh6 Kg8 57. Kg6 Kf8 58.
g4 Kg8 59. g5 Kh8 60. Kf7 Kh7 61. g6+ 1-0

[Event "*** Titled Tuesday Blitz"]
[Site "Chess.com"]
[Date "2021.04.20"]
[Round "5"]
[White "FGHSMN"]
[Black "azikom"]
[Result "1/2-1/2"]
[WhiteElo "2493"]
[BlackElo "2647"]
[TimeControl "180+1"]
[EndTime "10:55:59 PDT"]
[Termination "Game drawn by repetition"]

1. e4 e5 2. Nf3 Nc6 3. Bc4 Bc5 4. d3 d6 5. a4 a6 6. c3 Ba7 7. O-O Nf6 8. Nbd2 Ne7 9. d4 Ng6 10. Re1 O-O 11. Bb3 h6 12. Nf1 Bg4 13. Ng3 Bxf3 14. Qxf3 exd4 15. cxd4 Bxd4 16. Nf5 Be5 17. Qh3 Nh7 18. Qh5 Nf4 19. Qg4 Qg5 20. Qf3 Qh5 21. Qxh5 Nxh5 22. g3 Ng5 23. Kg2 Ne6 24. f4 Bf6 25. Kf3 Nd4+ 26. Nxd4 Bxd4 27. e5 dxe5 28. fxe5 g6 29. Bxh6 Ng7 30. Kg2 c5 31. Rab1 Rae8 32.
Bxg7 Kxg7 33. Bd5 b6 34. b3 Rxe5 35. Rxe5 Bxe5 36. Bc4 a5 37. Rd1 Bd4 38. Re1 Kf6 39.
Rf1+ Ke7 40. h4 f5 41. Kf3 Rf6 42. Re1+ Kd7 43. Kf4 Rd6 44. Re2 Bc3 45. Kf3 Ba1 46. g4 fxg4+ 47. Kxg4 Rd4+ 48. Kg5 Bc3 49. Kxg6 Rxh4 50.
Kf5 Bd4 51. Bb5+ Kc7 52. Re7+ Kc8 53. Re6 Kc7 54. Rc6+ Kb7 55. Re6 Rh5+ 56. Ke4 Rh7 57. Kd5 Kc7 58. Rc6+ Kb7 59. Re6 Kc7 60. Rc6+ Kb7 61.
Re6 1/2-1/2

[Event "*** Titled Tuesday Blitz"]
[Site "Chess.com"]
[Date "2021.04.20"]
[Round "5"]
[White "profofchess"]
[Black "yuki_chess123"]
[Result "1-0"]
[WhiteElo "2502"]
[BlackElo "2245"]
[TimeControl "180+1"]
[EndTime "10:56:00 PDT"]
[Termination "profofchess won on time"]

1. e4 g6 2. d4 Bg7 3. Nc3 c6 4. Nf3 d5 5. h3 f6 6. Bd3 Nh6 7. exd5 cxd5 8. Bf4 Nf7 9. O-O O-O 10. Re1 Nc6 11. Bb5 e5 12. Bxc6 bxc6 13. dxe5 fxe5 14. Nxe5 Nxe5 15. Bxe5 Bxe5 16. Rxe5 Rxf2 17. Qd4 Rf5 18. Rae1 Rxe5 19. Qxe5 Bf5 20. Na4 Qa5 21. b3 Rf8 22.
c4 Qd2 23. cxd5 cxd5 24. Re2 Qd1+ 25. Re1 Qd2 26. Qe2 Qd4+ 27. Qe3 Qxe3+ 28. Rxe3 d4 29. Re2 Bb1 30. Rd2 d3 31. Nc5 Rc8 32. b4 a5 33. a3 axb4 34. axb4 Rb8 35. Rb2 Bc2 36. Ne4 Re8 37. Nf2 Re1+ 38. Kh2 Re2 39. Kg3 Rxf2 40. Kxf2 d2 41. Rxc2 d1=Q 42. Re2 Qd4+ 43. Re3 Qxb4 44. Rf3 Qd4+ 45. Kg3 Kg7 46. Kh2 g5 47. Kg3 h5 48. Kh2 Kg6 49. Kg3 h4+ 50. Kh2 Qe5+ 51. Kg1 Qe2 52. Kh1 Kh5 53. Kg1 Qe1+ 54.
Kh2 Qe5+ 55. Kg1 Qe4 56. Kf2 Qd4+ 57. Kf1 g4 58. hxg4+ Kxg4 59. Rh3 Qd2 60. Kg1 Qe1+ 61. Kh2 Qf2 62. Rf3 Qe1 63. Rh3 Qe5+ 64. Kh1 1-0

[Event "*** Titled Tuesday Blitz"]
[Site "Chess.com"]
[Date "2021.04.20"]
[Round "5"]
[White "djano"]
[Black "ZeZacarias"]
[Result "1-0"]
[WhiteElo "2475"]
[BlackElo "2156"]
[TimeControl "180+1"]
[EndTime "10:56:02 PDT"]
[Termination "djano won by resignation"]

1. e4 e6 2. d4 d5 3. Bd3 dxe4 4. Bxe4 Nf6 5. Bf3 c5 6. Ne2 Nc6 7. Be3 cxd4 8. Nxd4 Ne5 9. Nc3 Bb4 10. Nb5 Bd7 11. Qd4 Nxf3+ 12. gxf3 Bxc3+ 13. Nxc3 Bc6 14. Rg1 Qxd4 15. Bxd4 Nh5 16. f4 f6 17. O-O-O Kf7 18.
Be3 Rhd8 19. Rxd8 Rxd8 20. Bxa7 Nxf4 21. a4 Bxa4 22. Rg4 e5 23. Be3 Bd7 24. Rh4 Bf5 25.
Bxf4 exf4 26. Rxf4 Bg6 27. Rb4 Rd7 28. Ne2 Bh5 29. Nd4 Bg6 30. Kd2 h5 31. Ke3 h4 32.
f4 Rc7 33. c4 Bh5 34. f5 Re7+ 35. Kd3 Bg4 36. c5 g6 37. fxg6+ Kxg6 38. Rb6 Kg5 39. c6 bxc6 40. Nxc6 Rd7+ 41. Ke3 Bf5 42. Rb5 Rc7 43. Nd4 Re7+ 44. Kf2 Re5 45. Nf3+ Kf4 46. Nxe5 fxe5 47. Rb4+ e4 48. Rc4 Be6 49. Rc3 Bd5 50. b4 h3 51. b5 Bb7 52. b6 Bd5 53. Rxh3 Bb7 54. Rc3 Bd5 55. Rc7 e3+ 56. Ke1 Kf3 57. b7 1-0

[Event "*** Titled Tuesday Blitz"]
[Site "Chess.com"]
[Date "2021.04.20"]
[Round "5"]
[White "alexgo05"]
[Black "RamyresCoelho"]
[Result "1-0"]
[WhiteElo "2491"]
[BlackElo "2216"]
[TimeControl "180+1"]
[EndTime "10:56:04 PDT"]
[Termination "alexgo05 won by checkmate"]

1. d4 Nf6 2. Nc3 d5 3. Bg5 Ne4 4.
Nxe4 dxe4 5. f3 exf3 6. Nxf3 h6 7. Bh4 g5 8. Bg3 Bg7 9. e4 c5 10. c3 cxd4 11. cxd4 Qa5+ 12. Qd2 Qxd2+ 13. Kxd2 Nc6 14. d5 Nd4 15. Nxd4 Bxd4 16. Bb5+ Bd7 17. Bxd7+ Kxd7 18. Rac1 Rac8 19. b3 h5 20. Kd3 Bb2 21. Rxc8 Kxc8 22. Rb1 h4 23. Bf2 Be5 24. h3 Kb8 25. Rf1 Rc8 26.
Bd4 Bxd4 27. Kxd4 f6 28. e5 Rc2 29. exf6 exf6 30. Rxf6 Rxg2 31. d6 Kc8 32. Rf7 Rxa2 33.
Rc7+ Kb8 34. Rg7 Kc8 35. Kc5 Rc2+ 36. Kd5 Rd2+ 37. Kc5 b6+ 38. Kc6 Rc2+ 39. Kd5 Rd2+ 40. Kc6 Rc2+ 41. Kd5 a5 42. Rg8+ Kd7 43. Rg7+ Ke8 44.
Rb7 Rd2+ 45. Kc6 Rd3 46. Rb8+ Kf7 47. d7 Rc3+ 48. Kd6 Rd3+ 49. Kc7 Rc3+ 50. Kd8 Rxb3 51. Rc8 Rd3 52. Kc7 Rc3+ 53. Kxb6 Rb3+ 54. Kxa5 Ra3+ 55. Kb4 Rd3 56. d8=Q Rxd8 57. Rxd8 Kg6 58. Rd4 Kf5 59. Rg4 Kg6 60. Kc4 Kh5 61. Kd4 Kg6 62. Ke5 Kh5 63.
Kf6 Kh6 64. Rxg5 Kh7 65. Rh5+ Kg8 66. Rxh4 Kf8 67. Rh8# 1-0

[Event "*** Titled Tuesday Blitz"]
[Site "Chess.com"]
[Date "2021.04.20"]
[Round "5"]
[White "Zmof"]
[Black "c_r_e_e_p_e_r"]
[Result "0-1"]
[WhiteElo "2226"]
[BlackElo "2363"]
[TimeControl "180+1"]
[EndTime "10:56:04 PDT"]
[Termination "c_r_e_e_p_e_r won by checkmate"]

1. e4 c5 2. Nf3 e6 3. c3 d5 4. e5 Nc6 5. d4 Bd7 6. a3 Rc8 7. Bd3 cxd4 8. cxd4 Qb6 9. Bc2 Na5 10. O-O Ne7 11. Nc3 Nc4 12. Na4 Bxa4 13. Bxa4+ Nc6 14. b3 Na5 15. Bd2 Be7 16. Bxa5 Qxa5 17. b4 Qb6 18. Rc1 O-O 19. Qd3 Rc7 20. h4 Rfc8 21. Bxc6 Rxc6 22.
Rxc6 Qxc6 23. h5 h6 24. Rd1 Qc3 25. g3 a6 26. Kg2 b5 27. Ne1 Rc4 28. Qxc3 Rxc3 29.
Rd3 Rc1 30. Nf3 Kf8 31. Nd2 Ke8 32. Kf3 Rh1 33. Kg4 Rc1 34. Nb3 Rc4 35. Kf3 Kd7 36. Nc5+ Bxc5 37. dxc5 Re4 38. Re3 Rc4 39. Ke2 Kc6 40. f4 a5 41. Rb3 a4 42. Rd3 d4 43.
Kf3 Kd5 44. g4 f6 45. exf6 gxf6 46. g5 e5 47. gxf6 e4+ 48. Kg3 Ke6 49. Rd1 Kxf6 50.
c6 d3 51. Kf2 Rxc6 52. Ke3 Kf5 53. Rg1 Rc2 54. Rg8 Re2+ 55. Kd4 d2 56. Rf8+ Kg4 57.
Rg8+ Kf3 58. f5 d1=Q+ 59. Ke5 e3 60. f6 Qa1+ 61. Ke6 Rd2 62. f7 Rd6+ 63. Kxd6 Qf6+ 64.
Kc5 Qxf7 65. Rc8 Qf5+ 66. Kb6 Qxc8 67. Kxb5 e2 68. Kxa4 e1=Q 69. b5 Qd1+ 70. Kb4 Qcc2 71.
b6 Qb3+ 72. Kc5 Qdd5# 0-1

[Event "*** Titled Tuesday Blitz"]
[Site "Chess.com"]
[Date "2021.04.20"]
[Round "5"]
[White "SmoothAsAHedgehog"]
[Black "Agnes66678"]
[Result "1-0"]
[WhiteElo "2671"]
[BlackElo "2453"]
[TimeControl "180+1"]
[EndTime "10:56:05 PDT"]
[Termination "SmoothAsAHedgehog won by resignation"]

1. e4 e6 2. d4 d5 3. Nd2 c5 4. exd5 Qxd5 5. Ngf3 cxd4 6. Bc4 Qd7 7. O-O Nc6 8. Nb3 Nf6 9. Nbxd4 Nxd4 10. Nxd4 a6 11. a4 b6 12. c3 Bb7 13. Qe2 Bc5 14. Rd1 O-O 15. Bg5 Qc7 16. Bb3 Rad8 17. Rd3 Be7 18.
Rad1 Nd5 19. Bc1 Kh8 20. Qg4 Bf6 21. Nf3 Ne7 22. Bf4 Qc8 23. h4 Rxd3 24. Rxd3 Rd8 25. Rxd8+ Qxd8 26. Bg5 Nf5 27. Bxf6 Qxf6 28. Ng5 h6 29.
Nf3 Qd8 30. Qf4 Bxf3 31. Qxf3 a5 32. h5 Qg5 33. g3 Qc1+ 34. Kg2 Qxb2 35. Bc4 Qa3 36. Bd3 Qxa4 37. Bxf5 exf5 38. Qxf5 Qc6+ 39. Kg1 Qe6 40. Qf4 Kg8 41. Qb8+ Kh7 42. Qa7 Qc6 43. c4 Qxc4 44. Qxb6 a4 45. Qb1+ g6 46. hxg6+ fxg6 47. Qb7+ Kg8 48. Qb8+ Kg7 49. Qa7+ Kf6 50. Qb6+ Ke5 51.
Qe3+ Kf6 52. Qxh6 a3 53. Qf8+ Qf7 54. Qxa3 Qc4 55. Qf3+ Kg5 56. Kg2 Qa4 57. Qe3+ Kf6 58. Qf4+ Qxf4 59. gxf4 Kf5 60. Kf3 g5 61. fxg5 Kxg5 62.
Ke4 Kf6 63. Kf4 Kg6 64. Ke5 Kf7 65. Kf5 Kf8 66. Kf6 Ke8 67. f4 Kf8 68. f5 Kg8 69. Ke7 1-0

[Event "*** Titled Tuesday Blitz"]
[Site "Chess.com"]
[Date "2021.04.20"]
[Round "5"]
[White "mr_gustavo"]
[Black "sorrm8thatscheckm8"]
[Result "1/2-1/2"]
[WhiteElo "2404"]
[BlackElo "2571"]
[TimeControl "180+1"]
[EndTime "10:56:05 PDT"]
[Termination "Game drawn - insufficient material"]

1. d4 Nf6 2. c4 e6 3. Nf3 d5 4.
g3 dxc4 5. Bg2 Nc6 6. O-O a6 7. e3 Bd7 8. Qc2 b5 9. b3 Nb4 10. Qd1 Bc6 11. bxc4 bxc4 12. Bd2 Be7 13. Na3 O-O 14. Nxc4 Rb8 15. Bxb4 Rxb4 16. Nce5 Be4 17.
Rc1 Bd6 18. Nc6 Bxc6 19. Rxc6 a5 20. Qc2 Qb8 21. Ne5 a4 22. Rc3 Qb5 23. Nd3 Nd5 24.
Bxd5 exd5 25. Nxb4 Qxb4 26. Rb1 Qa5 27. Rc6 h5 28.
Qd3 Qa8 29. Qb5 h4 30. Qxd5 Rd8 31. Rxd6 cxd6 32. Qxa8 Rxa8 33. gxh4 Rc8 34. Rb4 a3 35. Rb3 Ra8 36. Kf1 Kf8 37. Ke2 Ra5 38. Kd3 Ke7 39. Kc4 Ke6 40. Kb4 Rh5 41. Rxa3 Rxh4 42. Ra7 Rxh2 43. f4 Re2 44. a4 Rxe3 45. a5 Re1 46. Kb5 Rb1+ 47. Kc6 Rc1+ 48. Kb5 Rb1+ 49. Kc6 Rc1+ 50.
Kb6 Rb1+ 51. Kc7 Rc1+ 52. Kd8 Rc4 53. a6 Rxd4 54. Re7+ Kf6 55. a7 Ra4 56. Rb7 Kf5 57.
Rxf7+ Ke4 58. Rxg7 Kxf4 59. Kc8 d5 60. Kb8 d4 61.
Rh7 Ke3 62. Rh4 Rxa7 63. Kxa7 d3 64. Kb6 d2 65. Rh1 Ke2 66. Kc5 d1=Q 67. Rxd1 Kxd1 1/2-1/2

[Event "*** Titled Tuesday Blitz"]
[Site "Chess.com"]
[Date "2021.04.20"]
[Round "5"]
[White "Serly25"]
[Black "annamaja"]
[Result "0-1"]
[WhiteElo "1955"]
[BlackElo "2280"]
[TimeControl "180+1"]
[EndTime "10:56:05 PDT"]
[Termination "annamaja won by resignation"]

1. d4 d5 2. c4 c6 3. cxd5 cxd5 4. Bf4 Nc6 5. Nc3 Nf6 6. Nf3 e6 7. Rc1 Bd6 8. Bxd6 Qxd6 9. e3 O-O 10. Bd3 a6 11.
O-O e5 12. dxe5 Nxe5 13. Nxe5 Qxe5 14. Be2 Be6 15. Bf3 Rfd8 16. Qe2 Rac8 17. Rfd1 b5 18.
a3 h6 19. Qd2 Qb8 20. Qe2 Rc4 21. Rd4 b4 22. axb4 Qxb4 23. Rcd1 Rb8 24. Nxd5 Bxd5 25.
Bxd5 Rxd4 26. Rxd4 Qxb2 27. Qxb2 Rxb2 28. g3 a5 29. Ra4 Nxd5 30. Rxa5 Nf6 31. h4 Ng4 32. Rf5 g6 33. Rf4 h5 34. e4 Kf8 35. e5 Nxe5 36. Kg2 Ng4 37. Kg1 Ke7 38. Kg2 f6 39. Kg1 g5 40. hxg5 fxg5 41. Rf3 Rb5 42. Kg2 Nf6 43. Ra3 Kf7 44. Ra6 Kg6 45. Rc6 Kf5 46. Ra6 g4 47.
Ra4 Ne4 48. Ra2 Nc3 49. Rc2 Ne4 50. Ra2 Ke5 51. Rc2 Rb3 52. Re2 Rf3 53. Ra2 Kd4 54. Ra4+ Kd3 55. Ra3+ Ke2 56. Ra2+ Nd2 57. Kg1 Rd3 58. Kg2 Rf3 59. Kg1 Rxf2 60. Rxd2+ Kxd2 61. Kxf2 Kd3 62. Kf1 Ke3 63. Kg2 Ke2 64. Kg1 Kf3 65.
Kh2 Kf2 66. Kh1 Kxg3 67. Kg1 h4 68. Kh1 Kf2 69. Kh2 g3+ 70. Kh1 g2+ 71. Kh2 g1=Q+ 0-1

[Event "*** Titled Tuesday Blitz"]
[Site "Chess.com"]
[Date "2021.04.20"]
[Round "5"]
[White "kuba2006"]
[Black "esrosenberg"]
[Result "0-1"]
[WhiteElo "2326"]
[BlackElo "2208"]
[TimeControl "180+1"]
[EndTime "10:56:09 PDT"]
[Termination "esrosenberg won by checkmate"]

1. b3 e5 2. Bb2 Nc6 3. e3 d5 4. Bb5 Bd6 5. Nf3 Qe7 6. O-O Bg4 7. h3 Bh5 8. c4 dxc4 9. bxc4 Nf6 10. Bxc6+ bxc6 11. d3 Rb8 12. Bc3 e4 13. dxe4 Nxe4 14. g4 Bg6 15. Bxg7 Rg8 16. Bh6 Qf6 17. Qa4 Qxf3 18.
Qxc6+ Kd8 19. Nc3 Qxh3 20. Bf4 Qxg4+ 21. Kh2 Bxf4+ 22. exf4 Qxf4+ 23. Kh1 Qf3+ 24. Kh2 Qxc3 25. Rfd1+ Ke7 26. Qxc7+ Kf6 27. Qc6+ Kg7 28. Rac1 Qe5+ 29. Kg2 Qg5+ 30. Kf1 Nf6 31. Qd6 Bh5 32. Qd4 Bxd1 33. Rxd1 Rb2 34. Re1 Rd2 35. Qe5 Qxe5 36. Rxe5 Rc8 37.
c5 Rc2 38. Rg5+ Kh6 39. Rf5 Kg6 40. Rf4 R2xc5 41. Ra4 Rc1+ 42. Kg2 R8c7 43. Ra6 R1c6 44.
Ra5 a6 45. Kg3 Ne4+ 46. Kf3 Nd2+ 47. Kg4 Nc4 48. Ra4 f5+ 49. Kg3 Ne5 50. f4 Rc3+ 51.
Kh4 Nf3+ 52. Kg3 Nd4+ 53. Kh4 Ne6 54. Rxa6 R7c6 55. Ra7 Nxf4 56. Rg7+ Kxg7 57. Kg5 Ne6+ 58. Kxf5 Nc7 59. Ke5 R3c5+ 60. Kd4 h5 61. a4 h4 62. a5 h3 63. a6 Nxa6 64. Ke3 Rf5 65. Kd4 Rcf6 66.
Ke3 h2 67. Ke4 h1=Q+ 68. Ke3 Qh3+ 69. Kd4 Qg4+ 70. Ke3 Rf3+ 71. Ke2 Qg2+ 72. Ke1 Rf1# 0-1

[Event "*** Titled Tuesday Blitz"]
[Site "Chess.com"]
[Date "2021.04.20"]
[Round "5"]
[White "RzayevB"]
[Black "Semen_Khanin"]
[Result "1-0"]
[WhiteElo "2601"]
[BlackElo "2735"]
[TimeControl "180+1"]
[EndTime "10:56:16 PDT"]
[Termination "RzayevB won by resignation"]

1. e4 c6 2. Nc3 d5 3. Nf3 dxe4 4. Nxe4 Nf6 5. Qe2 Nxe4 6. Qxe4 Qd5 7. Qf4 Qf5 8. Qe3 g6 9. Qd4 Qf6 10. Qxf6 exf6 11.
d4 Bd6 12. Bd3 O-O 13. Be3 Re8 14. Kd2 Bg4 15. Ne1 Nd7 16. h3 Be6 17. c4 b5 18.
c5 Bc7 19. Nc2 a5 20. Rhe1 Bd5 21. f3 f5 22. Re2 Bg3 23. a3 Re6 24. Bf2 Bf4+ 25.
Be3 Bg3 26. Bf2 Bxf2 27. Rxf2 Rae8 28. Re2 Rxe2+ 29. Bxe2 f4 30. Bd3 Nf8 31. Re1 Ne6 32.
Re5 Rd8 33. Kc3 Kg7 34. Re2 f5 35. Rd2 Kf6 36. Be2 g5 37. Ne1 h5 38. Nd3 Bc4 39. Nc1 Bxe2 40. Nxe2 Nc7 41. Nc1 Nd5+ 42. Kc2 Re8 43. Nd3 Ne3+ 44. Kc3 Nc4 45. Rf2 Re3 46. Kc2 Ke6 47. h4 Kf6 48. hxg5+ Kxg5 49. Kc3 Kh4 50. a4 Kg3 51. Rc2 Re8 52. axb5 cxb5 53. d5 Ne3 54. d6 b4+ 55. Kd2 Nxc2 56. Kxc2 Kxg2 57. d7 Rd8 58. c6 b3+ 59. Kxb3 h4 60. Nxf4+ Kxf3 61. Ne6 Rb8+ 62. Ka3 h3 63. Ng5+ Kf4 64. Nxh3+ Ke5 65. c7 Rh8 66. d8=Q Rxh3+ 67. b3 1-0

[Event "*** Titled Tuesday Blitz"]
[Site "Chess.com"]
[Date "2021.04.20"]
[Round "5"]
[White "PotapovaM"]
[Black "starplatinum2030"]
[Result "0-1"]
[WhiteElo "2495"]
[BlackElo "2289"]
[TimeControl "180+1"]
[EndTime "10:56:18 PDT"]
[Termination "starplatinum2030 won on time"]

1. d4 Nf6 2. c4 e6 3. g3 d5 4.
Nf3 Be7 5. Bg2 O-O 6. O-O Nbd7 7. Nbd2 b6 8. e4 Nxe4 9. Nxe4 dxe4 10. Nd2 f5 11. f3 Nf6 12. fxe4 Qxd4+ 13. Kh1 fxe4 14. Nxe4 Qxd1 15. Rxd1 Rb8 16. Bf4 Ba6 17. Ng5 Bxc4 18. b3 Bd5 19. Bxd5 exd5 20. Ne6 Rf7 21. Ng5 Rff8 22. Ne6 Rfc8 23. Nxc7 Rb7 24. Rac1 d4 25.
Rxd4 Kf7 26. Kg2 Bc5 27. Rdd1 Rbxc7 28. Bxc7 Rxc7 29. Rd8 Re7 30. Kf3 Re3+ 31. Kf4 Re2 32. h4 Rxa2 33. h5 Rf2+ 34. Ke5 Re2+ 35. Kf4 Nxh5+ 36. Kg4 Nf6+ 37. Kf5 g6+ 38. Kf4 Re4+ 39. Kf3 Re3+ 40. Kg2 Rxb3 41. Rf1 Re3 42. Ra8 Re7 43. Rh8 Kg7 44. Rd8 a5 45. Ra8 Ne4 46. Rff8 Rf7 47. Rg8+ Kf6 48. Rge8 Nd6 49. Re1 Re7 50. Rf1+ Kg5 51.
Raf8 Nf5 52. Rd8 Ne3+ 53. Kg1 Nxf1+ 54. Kxf1 h5 55. Kg2 Re2+ 56. Kf3 Re3+ 57. Kg2 Kg4 58. Rd5 Re2+ 59. Kh1 Kxg3 60. Rg5+ Kf4 61. Rf5+ Ke4 62. Re5+ Kd3 0-1